 Dungeon Crawl Stone Soup version 0.29-a0-925-g0a7a3d12f8 (webtiles) character file.

Game seed: 48863421002419347

6 kae the Insei (level 1, 0/18 HPs)
             Began as a Demonspawn Monk on July 29, 2022.
             Succumbed to an adder's poison
             ... on level 2 of the Dungeon.
             The game lasted 00:00:36 (838 turns).

kae the Insei (Demonspawn Monk)                      Turns: 838, Time: 00:00:37

Health: 0/18       AC:  3    Str: 11    XL:     1   Next: 75%
Magic:  1/1        EV: 12    Int: 11    God:
Gold:   31         SH:  0    Dex: 15    Spells: 0/0 levels left

rFire   . . .      SeeInvis .     - Unarmed
rCold   . . .      Faith    .   (no shield)
rNeg    . . .      Spirit   .   a - +1 robe
rPois   .          Reflect  .   (no helmet)
rElec   .          Harm     .   (no cloak)
rCorr   .          Rampage  .   (no gloves)
Will    .....                   (no boots)
Stlth   ++........              (no amulet)
HPRegen 0.06/turn               (no ring)
MPRegen 0.07/turn               (no ring)

@: lethally poisoned (0 -> -12)
A: no striking features
a: no special abilities


You were on level 2 of the Dungeon.
You visited 1 branch of the dungeon, and saw 2 of its levels.

You collected 31 gold pieces.


   Skills:
 - Level 3.0 Fighting
 - Level 2.6 Dodging
 - Level 1.7 Stealth
 + Level 3.1 Unarmed Combat


You couldn't memorise any spells.
You didn't know any spells.
Your spell library contained the following spells:

 Spells                   Type           Power      Damage    Failure   Level
 Blink                    Tloc           0%         N/A       47%         2
 Lesser Beckoning         Tloc           0%         N/A       71%         3
 Manifold Assault         Tloc           0%         N/A       100%        5

Inventory:

Missiles
 g - 2 boomerangs (quivered)
Armour
 a - a +1 robe (worn)
Potions
 b - a potion of ambrosia
 d - a potion of mutation {unknown}
 f - a potion of brilliance {unknown}

Dungeon Overview and Level Annotations

Branches:
Dungeon (2/15) Zot: 11164

Altars:

Shops:
D:1

? ###
..#####<#####.#
..............#
#..####.####.##
#.# .#
#.####.#####
#...........
#...@S.....#
#..............#
#.......##.###.#
#.......# .#
#.......# #
####..### #..
##.


You could see an adder.


Message History

No target in view!
You see here a +0 falchion.
g - 2 boomerangs Key pressed, stopping explore.
No target in view!
No target in view!
Key pressed, stopping explore.
No target in view!
No target in view!
You open the door.
There is an open door here.
You now have enough gold to buy a scroll of identify on this level.
You can access your shopping list by pressing '$'.
You now have 31 gold pieces (gained 12).
No target in view!
No target in view!
There is an open door here.
Done exploring.
Done exploring.
No target in view!
No target in view!
Done exploring.
No target in view!
No target in view!
Done exploring.
No target in view!
No target in view!
Done exploring.
Okay, then.
You aren't carrying any pieces of jewellery.
Unknown command.
Blink to where?
Press: ? - help, Dir - move target, f - you Are you sure you want to cancel this blink?
Okay, then.
As you read the scroll labelled ASHRIE HESYJO, it crumbles to dust.
It was a scroll of blinking.
As you read the scroll labelled DIQ QUNLALOOTIUNT, it crumbles to dust.
It is a scroll of enchant armour.
Your +0 robe glows green for a moment.
Done exploring.
Done exploring.
Done exploring.
Done exploring.
(D) Dungeon
Where to? (? - help)
You open the door.
There is an open door here.
There is a stone staircase leading down here.
You climb downwards.
There is a stone staircase leading up here.
You aren't carrying any pieces of jewellery.
An adder comes into view.
Unknown command.
An adder is nearby!
An adder is nearby!
The adder hisses angrily.
The adder closely misses you. The adder barely misses you.
You miss the adder. The adder misses you.
An adder is nearby!
You closely miss the adder. The adder bites you.
You hit the adder but do no damage. The adder barely misses you. 😕 HP[-2]
You take 2 damage, and now have 16/18 hp.
An adder is nearby!
You hit the adder. The adder bites you. x2
You miss the adder. The adder closely misses you. 😮 HP[-3]
You take 3 damage, and now have 13/18 hp.
An adder is nearby!
You barely miss the adder. The adder bites you.
You are poisoned.
The adder poisons you!
You are too injured to fight recklessly! 😮 HP[-1]
You take 1 damage, and now have 12/18 hp.
You closely miss the adder.
You feel sick.
The adder bites you but does no damage. 😮 HP[-2]
You take 2 damage, and now have 10/18 hp.
You miss the adder. Your punch misses the adder.
You feel sick. The adder misses you.
You miss the adder.
You feel sick. The adder bites you but does no damage. The adder bites you.
* * * LOW HITPOINT WARNING * * *
You are lethally poisoned!
The adder poisons you! 😨 HP[-4]
You take 4 damage, and now have 6/18 hp.
MASSIVE DAMAGE!! (PAUSE)
You closely miss the adder.
* * * LOW HITPOINT WARNING * * *
You feel sick. The adder bites you.
* * * LOW HITPOINT WARNING * * *
You are more poisoned.
The adder poisons you! 😱 HP[-3]
You take 3 damage, and now have 3/18 hp.
You closely miss the adder.
You die...

Skill      XL: |  1 |
---------------+----+-----
Unarmed Combat | 3 |  3.1
Fighting       | |  3.0
Dodging        | |  2.6
Stealth        | |  1.7

Action                   || total
-------------------------++-------
Melee: Unarmed           ||    37
  Use: Scroll            ||     2
Armor: Robe              ||     4
Dodge: Dodged            ||    21

Levels and vault maps discovered:
D:1:      minmay_arrival_up_and_down, layout_basic, serial_forest,
          infiniplex_forest_straight_2, infiniplex_forest_clump_curved,
          infiniplex_forest_clump_large, infiniplex_forest_clump_medium,
          infiniplex_forest_lined_4_way, serial_shops, shop, minmay_pentomino_z2
D:2:      layout_basic, grunt_ministairs_13, minmay_misc_feat_nine_boxes

Notes
Turn   | Place    | Note
-------+----------+-------------------------------------------
     0 | D:1      | kae the Demonspawn Monk began the quest for the Orb.
     0 | D:1      | Reached XP level 1. HP: 18/18 MP: 1/1
     0 | D:1      | magus.rc [v1.11.3]
   189 | D:1      | Found Kohoe's Magic Scroll Emporium.
   280 | D:1      | Reached skill level 3 in Unarmed Combat
   566 | D:1      | You pick up a book of Spatial Translocations and begin
                  | reading...
   566 | D:1      | You add the spells Blink, Lesser Beckoning and Manifold
                  | Assault to your library.
   837 | D:2      | HP: 3/18 [adder (2)]
   838 | D:2      | Succumbed to an adder's poison

Vanquished Creatures
  An endoplasm (D:1)
  A goblin (D:1)
  A quokka (D:1)
  A frilled lizard (D:1)
  2 rats (D:1)
6 creatures vanquished.

Vanquished Creatures (others)
  2 plants (D:1)
2 creatures vanquished.

Grand Total: 8 creatures vanquished

Table legend:
 A = Non-vault XP
 B = Vault XP
 C = Vault XP percentage of total XP
 D = Non-vault monster count
 E = Vault monster count
 F = Vault count percentage of total count
                 A         B        C        D         E       F
            +---------+---------+-------+---------+---------+-------
      Total |       6 |       3 |  33.3 |       4 |       2 |  33.3
            +---------+---------+-------+---------+---------+-------
        D:1 |       6 |       3 |  33.3 |       4 |       2 |  33.3
            +---------+---------+-------+---------+---------+-------

Illustrated notes

Table legend:
 A = Kills in this place as a percentage of kills in entire the game.
 B = Kills by you in this place as a percentage of kills by you in the entire game.
 C = Kills by friends in this place as a percentage of kills by friends in the entire game.
 D = Other kills in this place as a percentage of other kills in the entire game.
 E = Experience gained in this place as a percentage of experience gained in the entire game.
 F = Experience gained in this place divided by the number of levels of this place that you have seen.
                   A       B       C       D       E      F
               +-------+-------+-------+-------+-------+----------------------
         Total | 100.0 | 100.0 |   N/A |   N/A | 100.0 |   4.5
       Dungeon | 100.0 | 100.0 |   N/A |   N/A | 100.0 |   4.5
               +-------+-------+-------+-------+-------+----------------------

Table legend: (Time is in decaauts)
 A = Elapsed time spent in this place.
 B = Non-inter-level travel time spent in this place.
 C = Inter-level travel time spent in this place.
 D = Time resting spent in this place.
 E = Time spent auto-exploring this place.
 F = Levels seen in this place.
 G = Mean time per level.
                   A        B        C        D        E       F      G
               +--------+--------+--------+--------+--------+-----+--------+
         Total |    836 |    805 |     31 |    132 |    587 |   2 |  418.0 |
       Dungeon |    836 |    805 |     31 |    132 |    587 |   2 |  418.0 |
               +--------+--------+--------+--------+--------+-----+--------+

Top non-repeatable levels by time:
     D:1: 818 daAuts
     D:2: 17 daAuts
